AoeStats
← Michi3052

Golden Pit

508258712Analyzed
1v1 RM · 11d ago on Sep 21, 2026· 28m 14s· 2 players
Game mode
Random Map
Map size
Tiny (2 player)
Population
200
Speed
Normal
Resources
Standard
Victory
Conquest
Starting age
Dark Age
Ending age
Imperial Age
RankedLock teamsTeams togetherTeam positionsShared explorationLock speedFull tech treeHidden civsTurbo modeCheats
Victory
Defeat
🇨🇱 Mongols · Chile
663
+19
🇪🇸 Teutons · Spain
721
-19
Ronsvain
8:33 Loom
10:19 Feudal Age
12:47 Double-Bit Axe
16:22 Castle Age
15:42 Wheelbarrow
15:15 Stone Mining
18:54 Bow Saw
19:31 Hand Cart
23:06 Ballistics
26:19 Fletching
27:26 Bodkin Arrow
Michi3052
9:36 Loom
12:10 Feudal Age
19:53 Castle Age
17:50 Horse Collar
21:41 Bloodlines
21:34 Gold Mining
Connection lost

Rejoining the realm…

Still unreachable

The connection could not be restored.

Session expired

The server has moved on; the page needs a fresh start.